 Dungeon Crawl Stone Soup version 0.25.1-2-g60ff931df9 (webtiles) character file.

Game seed: 2984354246604497217

972 H0rd4k the Insei (level 8, -10/49 HPs)
             Began as an Octopode Transmuter on Aug 26, 2020.
             Blown up by a centaur (31 damage)
             ... with a disintegration bolt
             ... on level 6 of the Dungeon.
             The game lasted 00:05:46 (6574 turns).

H0rd4k the Insei (Octopode Transmuter)              Turns: 6574, Time: 00:05:46

Health: -10/49     AC:  1    Str:  9    XL:     8   Next: 16%
Magic:  14/14      EV: 30    Int: 18    God:
Gold:   263        SH:  0    Dex: 18    Spells: 9/15 levels left

rFire    . . .     SeeInvis .     - Unarmed
rCold    . . .     Gourm    .   (no shield)
rNeg     . . .     Faith    .   (helmet restricted)
rPois    .         Spirit   .   h - amulet of the acrobat
rElec    .         Reflect  .   n - +6 ring of dexterity
rCorr    .         Harm     .   (no ring)
MR       .....                  (no ring)
Stlth    ++++......             (no ring)
HPRegen  0.16/turn              (no ring)
MPRegen  0.14/turn              (no ring)
                                (no ring)
                                (no ring)

@: acrobat
A: almost no armour, stealthy swim, amphibious, 8 rings, constrict 8, camouflage
1, gelatinous body 1
a: no special abilities


You were on level 6 of the Dungeon.
You were hungry.

You visited 1 branch of the dungeon, and saw 6 of its levels.

You collected 263 gold pieces.

Inventory:

Missiles
 a - 99 arrows
 j - 7 silver javelins (quivered)
Jewellery
 h - an amulet of the acrobat (around mantle)
 n - a +6 ring of dexterity (left tentacle)
Scrolls
 b - 4 scrolls of remove curse
 d - a scroll of fear {unknown}
 i - a scroll of enchant armour {unknown}
 o - 2 scrolls of magic mapping {unknown}
 q - 2 scrolls of blinking {unknown}
 u - 2 scrolls of immolation {unknown}
 w - a scroll of teleportation {unknown}
Potions
 e - a potion of might {unknown}
 f - 3 potions of stabbing
 g - a potion of heal wounds
 k - a potion of brilliance {unknown}
 m - a potion of resistance {unknown}
 p - 2 potions of lignification
 r - 2 potions of flight
 s - a potion of mutation {unknown}
 t - a potion of cancellation {unknown}
 v - a potion of curing {unknown}
Comestibles
 c - 13 rations


   Skills:
 + Level 1.6 Fighting
 + Level 3.8 Dodging
 + Level 5.3 Stealth
 + Level 5.8 Unarmed Combat
 * Level 4.0 Spellcasting
 * Level 4.1 Transmutations


You had 9 spell levels left.
You knew the following spells:

 Your Spells              Type           Power        Failure   Level  Hunger
a - Beastly Appendage     Tmut           ###...       2%          1    None
b - Sticks to Snakes      Tmut           ###.....     4%          2    ##.....
c - Spider Form           Tmut/Pois      ##........   19%         3    ###....

Your spell library contained the following spells:

 Spells                   Type           Power        Failure   Level  Hunger
 Corona                   Hex            #......      14%         1    None
 Ensorcelled Hibernation  Hex/Ice        #.....       22%         2    ##.....
 Confusing Touch          Hex            #.......     41%         3    ###....
 Dazzling Flash           Conj/Hex       #.....       41%         3    ###....
 Tukima's Dance           Hex            #.......     41%         3    ###....
 Ice Form                 Ice/Tmut       ##......     54%         4    ####...
 Blade Hands              Tmut           ###.......   58%         5    ######.


Dungeon Overview and Level Annotations

Branches:
Dungeon (6/15)
 Temple: D:4-7

Altars:
Elyvilon
Okawaru

Annotations:
D:4 exclusion: downstairs
D:5 3 runed translucent doors, exclusion: downstairs, harlaan's ghost, novice DESu
D:6 Sigmund


Innate Abilities, Weirdness & Mutations

You cannot wear most types of armour.
You are very stealthy in the water. (Stealth+)
You are amphibious.
You can wear up to eight rings at the same time.
You can use your tentacles to constrict eight enemies at once.
Your skin changes colour to match your surroundings (Stealth+).
Your rubbery body absorbs attacks. (AC +1, EV +1)


Message History

You butcher the bullfrog corpse.
l - a chunk of flesh You see here a bullfrog skeleton.
Eat a chunk of flesh? (ye/n/q)
You eat the chunk of flesh.
This raw flesh tastes terrible.
You are feeling hungry.
Magic restored.
Your transformation is almost over.
Your tentacle spike disappears.
HP restored.
The centaur shouts!
The centaur zaps a wand.
You are blasted!
A scorpion comes into view.
Unknown command.
The centaur wields a +0 shortbow.
The centaur shoots an arrow.
The arrow hits you!
You see here an arrow.
The centaur zaps a wand.
You are blasted!
Ouch! That really hurt!
You die...

######### # ..........#
#.#. ..........#
#######.....
..........###...........
............@(....#.##
........#.........#
###.#####.#..........
#......รท..#...........
#....<.####........c..
#......# #######s##..
#......# .# .. #......#
# ###.##..


You could see a centaur and a scorpion.

Vanquished Creatures
  An orc warrior (D:5)
  2 centaurs (D:5)
  2 bullfrogs
  A scorpion (D:5)
  2 crimson imps (D:5)
  A centaur zombie (D:6)
  A jelly (D:5)
  2 hounds
  3 orc wizards (D:5)
  Jessica (D:2)
  An iguana (D:4)
  A worker ant (D:2)
  A hound skeleton (D:5)
  6 adders
  A shadow imp (D:2)
  3 worms
  5 dart slugs
  4 leopard geckos
  6 orcs
  4 giant cockroaches
  5 goblins
  6 hobgoblins
  9 jackals
  3 quokkas
  A ball python (D:1)
  7 bats
  8 frilled lizards
  11 kobolds
  A quokka skeleton (D:4)
  4 rats
103 creatures vanquished.

Vanquished Creatures (collateral kills)
  An adder (D:3)
1 creature vanquished.

Grand Total: 104 creatures vanquished

Notes
Turn   | Place    | Note
-------+----------+-------------------------------------------
     0 | D:1      | H0rd4k the Octopode Transmuter began the quest for the Orb.
     0 | D:1      | Reached XP level 1. HP: 13/13 MP: 3/3
   383 | D:1      | Reached XP level 2. HP: 14/18 MP: 5/5
  1162 | D:2      | Reached XP level 3. HP: 22/23 MP: 6/6
  1166 | D:2      | Learned a level 2 spell: Sticks to Snakes
  1170 | D:2      | Learned a level 3 spell: Spider Form
  1305 | D:2      | Reached skill level 1 in Stealth
  1382 | D:2      | Noticed Jessica
  1393 | D:2      | Killed Jessica
  1393 | D:2      | Reached XP level 4. HP: 26/28 MP: 5/7
  1560 | D:2      | Found a white marble altar of Elyvilon.
  2206 | D:2      | Reached XP level 5. HP: 20/33 MP: 8/8
  3669 | D:3      | Found an iron altar of Okawaru.
  3669 | D:3      | Found a faded altar of an unknown god.
  4194 | D:4      | Reached XP level 6. HP: 36/38 MP: 8/10
  5103 | D:5      | Entered Level 5 of the Dungeon
  5278 | D:5      | Reached skill level 5 in Unarmed Combat
  5278 | D:5      | Reached XP level 7. HP: 28/43 MP: 10/12
  5701 | D:5      | Noticed harlaan's ghost (novice DESu)
  5952 | D:5      | Found a runed translucent gate.
  5952 | D:5      | Found a runed translucent gate.
  5953 | D:5      | Found a runed translucent gate.
  6092 | D:5      | Reached skill level 5 in Stealth
  6092 | D:5      | Reached XP level 8. HP: 16/48 MP: 13/13
  6355 | D:6      | Noticed Sigmund
  6574 | D:6      | Blown up by a centaur

Illustrated notes

Levels and vault maps discovered:
D:1:      minmay_arrival_solitary_statue, layout_rooms
D:2:      layout_loops_corners, marbit_many_paths, first_ration, uniq_jessica
D:3:      layout_basic, chequers_ecumenical_altar_simple_redux,
          kennysheep_okawaru_gauntlet
D:4:      layout_loops_ring, kennysheep_decorative_pillar,
          chequers_serial_rivers_small_3
D:5:      layout_loops_ring, gammafunk_ghost_split
D:6:      layout_rooms, chequers_serial_rivers_micro_b,
          chequers_serial_rivers_room_b, kennysheep_boxes, uniq_sigmund,
          uniq_maggie

Skill      XL: |  1  2  3  4  5  6  7  8 |
---------------+-------------------------+-----
Stealth        | 1 2 3 5 |  5.3
Unarmed Combat | 4 5 |  5.8
Spellcasting   | 3 4 |  4.0
Transmutations | 3 4 |  4.1
Dodging        | 3 |  3.8
Fighting       | |  1.6

Action                   |  1- 3 |  4- 6 |  7- 9 || total
-------------------------+-------+-------+-------++-------
Melee: Unarmed           |    77 |   150 |    69 ||   296
       Tentacles         |     9 |    24 |    11 ||    44
       Constrict         |    15 |    35 |     7 ||    57
       Kick              |     2 |    17 |     6 ||    25
       Punch             |       |     2 |     2 ||     4
 Cast: Beastly Appendage |     2 |    14 |     5 ||    21
       Sticks to Snakes  |       |     1 |       ||     1
       Spider Form       |       |       |     2 ||     2
  Use: Scroll            |       |     8 |     1 ||     9
 Stab: Sleeping          |     9 |    15 |     6 ||    30
  Eat: Chunk             |     1 |    13 |     3 ||    17
Armor: Skin              |     5 |    10 |     1 ||    16
Dodge: Dodged            |    45 |    98 |    52 ||   195
